 Dungeon Crawl Stone Soup version 0.24-a0-290-gbb66a67 (webtiles) character file.

Game seed: 13170997752491273828

14 theanonym the Chopper (level 2, 0/25 HPs)
             Began as a Minotaur Warper on May 8, 2019.
             Slain by a jackal (1 damage)
             ... on level 2 of the Dungeon.
             The game lasted 00:00:40 (212 turns).

theanonym the Chopper (Minotaur Warper)              Turns: 212, Time: 00:00:42

Health: 0/25       AC:  6    Str: 15    XL:     2   Next: 31%
Magic:  3/3        EV:  6    Int: 10    God:
Gold:   21         SH:  6    Dex:  9    Spells: 3/3 levels left

rFire    . . .     SeeInvis .   a - +0 hand axe
rCold    + . .     Gourm    .   l - +0 shield {rC+}
rNeg     . . .     Faith    .   n - +0 scale mail
rPois    .         Spirit   .   (helmet restricted)
rElec    .         Reflect  .   (no cloak)
rCorr    .         Harm     .   (no gloves)
MR       .....                  (no boots)
Stlth    ..........             d - amulet of magic regeneration
HPRegen  0.08/turn              (no ring)
MPRegen  0.33/turn              (no ring)

@: no status effects
A: retaliatory headbutt, horns 2
a: no special abilities


Innate Abilities, Weirdness & Mutations

You reflexively headbutt those who attack you in melee.
You have a pair of horns on your head.


   Skills:
 - Level 2.4 Fighting
 + Level 3.7 Axes
 - Level 1.0 Throwing
 - Level 1.2 Armour
 - Level 2.1 Dodging
 - Level 1.3 Spellcasting
   Level 2.1 Translocations


You had 3 spell levels left.
You didn't know any spells.
Your spell library contained the following spells:

 Spells                   Type           Power        Failure   Level  Hunger
 Blink                    Tloc           N/A          99%         2    ###....
 Shroud of Golubria       Chrm/Tloc      #.........   100%        2    ###....
 Gell's Gravitas          Tloc           #.........   100%        3    ####...
 Lesser Beckoning         Tloc           #.........   100%        3    ####...
 Teleport Other           Tloc           #.......     100%        3    ####...
 Passage of Golubria      Tloc           N/A          100%        4    #####..

Skill      XL: |  1 |
---------------+----+-----
Axes           | 3 |  3.7
Fighting       | |  2.4
Throwing       | |  1.0
Armour         | |  1.2
Dodging        | |  2.1
Spellcasting   | |  1.3
Translocations | |  2.1

Action                   || total
-------------------------++-------
Melee: Hand axe          ||    39
       Headbutt          ||     3
Armor: Leather armour    ||    12
       Scale mail        ||     4
Dodge: Dodged            ||    23
Block: Shield            ||     5

Inventory:

Hand Weapons
 a - a +0 hand axe (weapon)
Missiles
 f - 5 tomahawks of dispersal (quivered)
Armour
 b - a +0 leather armour
 l - a +0 shield of cold resistance (worn)
 n - a +0 scale mail (worn)
Jewellery
 d - an amulet of magic regeneration (around neck)
Scrolls
 h - a scroll of remove curse {unknown}
 i - a scroll of fog {unknown}
 B - a scroll of blinking
Potions
 c - 2 potions of flight {unknown}
 g - a potion of degeneration {unknown}
 j - a potion of lignification {unknown}
 m - a potion of curing {unknown}
Comestibles
 e - 3 rations
 k - 5 chunks of flesh


You were on level 2 of the Dungeon.
You were not hungry.

You visited 1 branch of the dungeon, and saw 2 of its levels.

You collected 21 gold pieces.

Dungeon Overview and Level Annotations

Branches:
Dungeon (1/15)

Altars:

.##........####.....#######
........#####.....###
....#...# ##.###..###### .#
#...####..#.........#
#........##.........#
#...#######.........#
..#.).# ##.........#
#.#...# ####.......)..#
#.....###rh@.##..######
###...##..###....#
..............##.#
###...#...######.#
###..#.#.### #.# ......†..#
#.# ..####..## #.#####
......### ##.....##
.........#####.......##


You could see a jackal and a rat.

Notes
Turn   | Place    | Note
-------+----------+-------------------------------------------
     0 | D:1      | theanonym the Minotaur Warper began the quest for the Orb.
     0 | D:1      | Reached XP level 1. HP: 18/18 MP: 1/1
    58 | D:1      | You fall through a shaft!
   114 | D:2      | Reached skill level 3 in Axes
   154 | D:2      | Reached XP level 2. HP: 25/25 MP: 3/3
   198 | D:2      | HP: 12/25 [hobgoblin/+0 long sword (2)]
   207 | D:2      | HP: 7/25 [hobgoblin/+0 long sword (6)]
   208 | D:2      | HP: 1/25 [hobgoblin/+0 long sword (6)]
   212 | D:2      | Slain by a jackal

Vanquished Creatures
  A worm (D:2)
  3 bats
  A giant cockroach (D:2)
  A goblin (D:2)
  A hobgoblin (D:2)
  A jackal (D:2)
  2 rats
10 creatures vanquished.

Table legend:
 A = Turns spent in this place as a percentage of turns spent in the entire game.
 B = Non-inter-level travel turns spent in this place as a percentage of non-inter-level travel turns spent in the entire game.
 C = Inter-level travel turns spent in this place as a percentage of turns spent in this place.
 D = Turns resting spent in this place as a percentage of non-inter-level travel turns spent in this place.
 E = Turns spent auto-exploring this place as a percentage of non-inter-level travel turns spent in this place.
 F = Non-inter-level travel turns spent in this place divided by the number of levels of this place that you've seen.
                   A       B       C       D       E      F
               +-------+-------+-------+-------+-------+----------------------
         Total | 100.0 | 100.0 |   0.0 |   0.0 |  53.3 | 106.0
       Dungeon | 100.0 | 100.0 |   0.0 |   0.0 |  53.3 | 106.0
               +-------+-------+-------+-------+-------+----------------------
